Map: Ever Dream LE

Players

MaSa - Winner!

  • Race: Terran Terran
  • League: Master
  • Spawn Location: 7:00

LiquidTLO (TLO)

  • Race: Zerg Zerg
  • League: Master
  • Spawn Location: 1:00

Event: DreamHack SC2 Masters 2020 Fall

VOD

Have the link to the VOD?

Description

Time

  • Played on: Sept. 6, 2020, 4:06 p.m.
  • Length: 14:37

All games in this series

Show
View Real Time Build Order
Export as new Build Order

MaSa Terran - Winner!

Build Orders: Reaper Expand, Hellion Banshee 

Get SALT Encoding   

  12  0:00  SCV  
  13  0:12  SCV  
  14  0:17  Supply Depot  
  14  0:24  SCV  
  15  0:39  SCV  
  15  0:40  Barracks  
  16  0:43  Refinery  
  16  0:51  SCV  
  17  1:03  SCV  
  19  1:18  SCV  
  19  1:27  Reaper  
  19  1:30  Orbital Command  
  20  1:41  Command Center  
  20  1:51  Bunker  
  20  1:56  SCV  
  20  1:59  Marine  
  22  2:03  Supply Depot  
  23  2:08  SCV  
  23  2:18  Factory  
  23  2:20  Barracks Reactor  
  22  2:24  Refinery  
  22  2:33  SCV  
  23  2:45  SCV  
  24  2:57  Orbital Command  
  24  3:01  SCV  
  24  3:04  Starport  
  25  3:09  Hellion x2  
  29  3:13  SCV  
  29  3:14  Barracks Tech Lab  
  30  3:22  SCV  
  30  3:25  SCV  
  32  3:30  Hellion  
  32  3:31  Hellion  
  35  3:34  SCV  
  35  3:37  SCV, Supply Depot  
  37  3:45  Barracks Tech Lab  
  37  3:46  SCV  
  37  3:48  Cloaking Field, Banshee  
  41  3:50  SCV  
  42  3:58  SCV  
  42  4:01  Hellion, Supply Depot  
  45  4:04  SCV  
  45  4:05  Hellion  
  45  4:07  Marine  
  49  4:11  SCV  
  50  4:17  SCV  
  51  4:25  Command Center  
  51  4:27  SCV  
  51  4:29  Stimpack  
  52  4:33  Banshee  
  55  4:40  Barracks  
  55  4:44  Marauder  
  57  4:47  Factory Tech Lab  
  57  4:51  SCV  
  58  4:58  SCV  
  59  5:01  Bunker  
  59  5:05  Supply Depot, Siege Tank  
  62  5:11  Barracks  
  62  5:27  SCV  
  61  5:36  SCV  
  61  5:40  Siege Tank  
  59  5:49  SCV  
  56  5:51  SCV  
  56  5:54  SCV  
  57  6:05  Marauder, Marine  
  57  6:06  Banshee  
  57  6:07  SCV  
  52  6:15  SCV  
  52  6:16  SCV  
  52  6:19  SCV  
  53  6:25  Marine  
  53  6:27  SCV  
  53  6:29  Marine  
  52  6:39  SCV  
  51  6:41  SCV  
  51  6:43  Marine  
  51  6:47  Marine  
  48  6:49  Banshee  
  48  6:53  SCV  
  51  6:55  Orbital Command  
  51  6:56  SCV  
  51  7:01  Marine  
  51  7:04  Marine  
  51  7:05  SCV  
  54  7:09  SCV  
  55  7:17  SCV  
  55  7:19  Marine  
  55  7:20  Refinery  
  55  7:21  SCV x2  
  55  7:22  Marine  
  59  7:23  Supply Depot  
  59  7:24  Marine  
  59  7:25  Marine  
  59  7:29  SCV  
  63  7:33  SCV, Siege Tank  
  63  7:36  SCV  
  68  7:37  Marine  
  68  7:39  Refinery  
  68  7:40  Engineering Bay x2  
  68  7:41  SCV  
  68  7:42  Marine x2  
  72  7:45  SCV, Supply Depot  
  72  7:48  SCV  
  74  7:53  Medivac  
  74  7:54  SCV  
  78  7:59  Marauder  
  78  8:00  Marine  
  78  8:01  SCV  
  78  8:03  SCV  
  78  8:04  Barracks  
  78  8:05  Barracks  
  82  8:16  SCV, Marauder, Marine  
  82  8:17  Combat Shield  
  85  8:37  Marine x2  
  85  8:38  SCV  
  85  8:46  Supply Depot x2  
  85  8:47  Supply Depot  
  85  8:52  Terran Infantry Weapons Level 1, Terran Infantry Armor Level 1  
  85  8:54  Supply Depot x2  
  85  8:59  SCV, Marine x2  
  85  9:07  SCV, Supply Depot, Marine x2  
  85  9:09  Siege Tank  
  92  9:10  Missile Turret  
  92  9:11  Missile Turret  
  92  9:12  Marine x2  
  92  9:17  Missile Turret, Marine  
  90  9:18  SCV  
  90  9:20  Orbital Command  
  90  9:21  SCV  
  93  9:30  SCV  
  91  9:31  Supply Depot  
  91  9:32  Marine  
  91  9:33  SCV  
  93  9:40  Marine x2  
  93  9:42  SCV, Missile Turret  
  93  9:44  Barracks Reactor  
  93  9:45  SCV x2, Marine  
  96  9:51  Marine  
  97  9:55  SCV  
  97  9:57  SCV x2  
  97  9:58  Marine x2  
  96  10:03  Marine  
  96  10:04  Supply Depot  
  95  10:07  SCV  
  95  10:09  SCV x2, Marine  
  95  10:12  Command Center  
  98  10:14  Barracks  
  98  10:15  Marine  
  98  10:17  Medivac  
  98  10:19  SCV, Marine  
  98  10:20  Marauder, Marine  
  98  10:21  Marine  
  94  10:23  SCV x2  
  94  10:24  Siege Tank  
  94  10:27  Marine  
  89  10:28  Missile Turret  
  89  10:33  Marine  
  89  10:35  Barracks  
  90  10:37  Marine x2  
  90  10:39  Supply Depot, Marauder  
  90  10:40  Supply Depot  
  90  10:41  Marine  
  92  10:44  Medivac  
  92  10:45  Marine  
  92  10:47  Medivac  
  94  10:51  Marine  
  94  10:53  Armory  
  94  10:55  Marine x2  
  91  10:59  Marine  
  91  11:00  Marine  
  91  11:03  Concussive Shells, Marine, Siege Tank  
  97  11:07  SCV x2  
  97  11:09  Marine  
  100  11:12  Orbital Command  
  100  11:13  Marine x2  
  100  11:14  Medivac, Marine  
  100  11:17  Marauder  
  100  11:18  Marine  
  107  11:21  Marine  
  107  11:22  Medivac  
  111  11:27  Marine  
  111  11:30  SCV, Command Center  
  111  11:31  Marine  
  111  11:32  SCV  
  115  11:35  Marine x2  
  115  11:38  SCV  
  117  11:42  SCV, Command Center  
  117  11:44  SCV, Marine x2  
  117  11:45  Marauder  
  119  11:56  Marine  
  119  11:57  Marauder, Marine x3  
  119  11:58  SCV  
  123  12:02  Terran Infantry Weapons Level 2  
  123  12:04  Terran Infantry Armor Level 2  
  123  12:06  Marauder  
  123  12:08  Siege Tank  
  129  12:09  Liberator  
  129  12:13  SCV x2, Supply Depot  
  132  12:18  Marine  
  133  12:24  Marine  
  133  12:25  Marine  
  133  12:31  Supply Depot  
  133  12:32  Supply Depot  
  133  12:34  Supply Depot, Marine x3  
  133  12:35  Marauder x2  
  140  12:37  Supply Depot  
  140  12:45  Supply Depot x2  
  140  12:48  Siege Tank  
  137  12:52  SCV x2  
  137  12:54  Refinery, Marine x2  
  137  12:55  Refinery  
  137  12:56  Barracks Reactor, Marauder x2, Barracks Tech Lab x2  
  137  12:57  Barracks Reactor x2  
  145  12:59  Medivac x2  
  145  13:00  Supply Depot  
  149  13:12  Marine x2  
  150  13:13  SCV  
  150  13:14  SCV x2  
  150  13:17  Marine  
  150  13:18  Marauder  
  157  13:25  Sensor Tower  
  157  13:27  Marauder x2  
  157  13:29  Missile Turret x2  
  157  13:30  Marine x2  
  157  13:33  Siege Tank  
  164  13:35  Marauder  
  164  13:39  Marauder  
  157  13:43  Marine  
  157  13:44  Marine x3  
  157  13:48  Marauder, Marine  
  154  13:52  Marine  
  154  13:53  Marauder  
  153  13:56  Marine  
  153  14:00  Marine  
  153  14:01  Marine x2  
  153  14:02  Marine x2  
  156  14:06  Marine  
  153  14:10  Marauder, Marine  
  153  14:14  Marauder, Marine  
  150  14:18  Marine  
  150  14:19  Marine x2  
  127  14:25  SCV  
Show
View Real Time Build Order
Export as new Build Order

LiquidTLO Zerg 

Build Orders: Hatch First, Roach Nydus 

Get SALT Encoding   

  12  0:00  Drone  
  13  0:12  Overlord  
  13  0:17  Drone  
  14  0:31  Drone x2  
  16  0:48  Hatchery  
  15  0:52  Drone  
  15  0:55  Drone  
  17  0:58  Drone  
  18  1:06  Extractor  
  17  1:14  Spawning Pool  
  17  1:18  Drone  
  17  1:22  Drone  
  18  1:28  Drone  
  19  1:41  Drone  
  20  1:51  Overlord  
  20  2:01  Zergling x2  
  20  2:02  Queen  
  20  2:03  Queen  
  20  2:08  Metabolic Boost  
  25  2:10  Drone  
  25  2:14  Drone  
  27  2:17  Drone  
  27  2:21  Drone  
  29  2:25  Drone  
  30  2:32  Drone  
  30  2:35  Drone  
  31  2:37  Spore Crawler  
  31  2:43  Queen  
  33  2:46  Overlord  
  33  2:48  Zergling x2  
  34  2:56  Lair  
  34  2:57  Extractor  
  33  3:00  Drone  
  33  3:04  Extractor  
  33  3:05  Zergling x2  
  34  3:06  Drone  
  34  3:08  Zergling x2  
  34  3:12  Drone  
  37  3:13  Drone  
  37  3:15  Zergling x2  
  40  3:21  Drone  
  40  3:26  Roach Warren, Drone  
  39  3:31  Drone  
  39  3:33  Drone, Extractor  
  40  3:37  Drone  
  41  3:42  Overlord  
  41  3:45  Drone x2  
  43  3:58  Zergling x2  
  43  4:00  Nydus Network, Overseer, Drone  
  44  4:05  Drone  
  44  4:06  Overlord  
  44  4:08  Glial Reconstitution  
  45  4:12  Overlord  
  45  4:16  Roach  
  44  4:19  Roach  
  44  4:22  Roach  
  48  4:27  Roach  
  48  4:29  Roach  
  52  4:33  Roach  
  54  4:39  Nydus Canal  
  54  4:40  Roach  
  54  4:41  Roach  
  54  4:44  Roach, Overseer  
  60  4:47  Roach  
  60  4:50  Roach  
  64  4:55  Nydus Canal  
  64  4:56  Zergling x2  
  64  4:57  Zergling x2  
  66  5:00  Zergling x2  
  66  5:04  Overlord  
  66  5:06  Overlord  
  67  5:15  Nydus Canal  
  67  5:17  Overseer  
  67  5:19  Overlord  
  67  5:23  Roach x2  
  67  5:25  Roach  
  67  5:27  Roach  
  73  5:31  Roach  
  73  5:34  Zergling x2  
  75  5:35  Zergling x2  
  75  5:36  Zergling x2  
  75  5:39  Nydus Canal  
  75  5:47  Roach  
  75  5:48  Roach  
  78  5:52  Queen  
  76  5:58  Queen  
  74  6:04  Roach  
  74  6:06  Roach  
  74  6:07  Drone x2  
  70  6:11  Nydus Canal  
  70  6:16  Roach  
  70  6:18  Drone  
  69  6:20  Extractor  
  68  6:27  Queen  
  68  6:31  Nydus Canal  
  68  6:32  Roach  
  74  6:33  Roach  
  74  6:37  Queen  
  65  6:42  Roach  
  65  6:44  Roach  
  57  6:50  Roach  
  57  6:51  Roach  
  57  6:52  Nydus Canal  
  59  7:00  Drone  
  58  7:07  Drone  
  59  7:10  Drone  
  59  7:11  Hatchery  
  59  7:12  Overseer  
  59  7:15  Overseer  
  59  7:17  Drone x2  
  59  7:19  Drone  
  62  7:23  Drone  
  63  7:32  Spire  
  63  7:33  Drone  
  63  7:35  Spore Crawler  
  63  7:37  Drone  
  63  7:39  Drone  
  64  7:45  Spore Crawler  
  64  7:47  Drone  
  64  7:48  Drone  
  64  7:51  Drone  
  62  7:53  Drone  
  62  7:56  Queen  
  65  7:58  Drone  
  65  8:00  Drone  
  65  8:01  Drone  
  65  8:03  Drone  
  69  8:06  Overlord  
  69  8:09  Nydus Canal  
  69  8:12  Overlord  
  69  8:16  Overseer  
  51  8:44  Mutalisk x8  
  67  8:52  Mutalisk  
  68  9:02  Drone x3  
  69  9:04  Drone  
  69  9:05  Drone, Extractor  
  69  9:07  Roach  
  70  9:11  Roach  
  70  9:16  Evolution Chamber  
  70  9:18  Roach  
  70  9:23  Drone  
  73  9:25  Evolution Chamber  
  73  9:27  Roach  
  73  9:30  Roach  
  76  9:33  Ravager  
  76  9:35  Roach  
  76  9:36  Roach  
  83  9:38  Roach  
  83  9:43  Roach x2  
  88  9:45  Ravager  
  88  9:47  Roach  
  88  9:50  Roach  
  92  9:53  Roach  
  92  9:55  Roach x2  
  92  9:59  Roach  
  97  10:00  Roach  
  97  10:04  Roach  
  97  10:08  Queen  
  97  10:10  Roach  
  97  10:11  Roach  
  97  10:13  Roach  
  104  10:20  Roach  
  96  10:22  Roach  
  96  10:23  Drone  
  95  10:29  Zerg Ground Armor Level 1  
  95  10:33  Drone x2  
  97  10:37  Roach  
  97  10:43  Roach  
  97  10:47  Roach  
  101  10:50  Roach  
  101  10:51  Roach  
  101  10:55  Zerg Missile Weapons Level 1  
  101  10:56  Drone  
  106  11:04  Zerg Flyer Weapons Level 1  
  106  11:09  Hatchery  
  105  11:13  Overlord  
  105  11:15  Drone  
  105  11:16  Overlord  
  106  11:22  Pneumatized Carapace  
  106  11:25  Overlord  
  106  11:27  Overlord, Extractor  
  106  11:29  Drone  
  106  11:31  Drone x2  
  108  11:33  Drone x2  
  108  11:34  Ravager, Drone  
  108  11:35  Ravager  
  108  11:37  Drone  
  108  11:38  Roach  
  116  11:41  Drone  
  116  11:43  Ravager  
  116  11:44  Ravager x2  
  116  11:45  Drone  
  121  11:49  Roach  
  123  11:56  Roach  
  123  11:57  Roach x2  
  123  11:58  Roach  
  123  12:01  Roach  
  131  12:07  Drone  
  132  12:09  Drone  
  132  12:10  Unknown  
  132  12:13  Ravager x3  
  132  12:15  Roach  
  137  12:18  Roach  
  137  12:21  Roach x2  
  139  12:28  Roach  
  139  12:29  Ravager x2  
  143  12:31  Overlord  
  143  12:40  Roach  
  143  12:44  Roach  
  141  12:49  Roach x3  
  142  12:52  Roach  
  142  12:53  Roach  
  142  12:55  Overlord  
  142  12:58  Overlord x2  
  146  13:00  Ravager x2  
  146  13:01  Zergling x2, Roach  
  146  13:04  Overlord  
  151  13:07  Overlord  
  151  13:14  Ravager x2  
  151  13:15  Ravager x2, Roach  
  151  13:17  Overlord  
  151  13:18  Ravager  
  158  13:20  Roach  
  158  13:25  Roach x3  
  166  13:31  Roach  
  166  13:32  Roach  
  166  13:33  Roach  
  174  13:34  Roach  
  174  13:36  Roach  
  174  13:37  Roach  
  174  13:40  Roach  
  172  13:41  Roach  
  172  13:43  Roach  
  172  13:46  Roach  
  168  13:48  Roach  
  168  13:53  Roach  
  160  13:56  Roach  
  160  13:57  Roach  
  160  14:00  Roach  
  154  14:02  Roach  
  154  14:05  Roach  
  116  14:24  Ravager  

Tags
 
Add a new tag
Caveats
  • Supply blocks, unpowered buildings, or Contaminate may cause inaccurate times.
  • Supply counts are checked every 10 seconds.